 Dungeon Crawl Stone Soup version 0.28.0-45-g0d030f2227 (webtiles) character file.

Game seed: 1238921690277177116

124 pkoi the Ruffian (level 4, -9/37 HPs)
             Began as a Demigod Gladiator on Apr 8, 2022.
             Mangled by Menkaure (23 damage)
             ... on level 4 of the Dungeon.
             The game lasted 00:03:03 (4153 turns).

pkoi the Ruffian (Demigod Gladiator)                Turns: 4153, Time: 00:03:03

Health: -9/37      AC:  4    Str: 19    XL:     4   Next: 52%
Magic:  6/6        EV: 12    Int: 10    God:
Gold:   173        SH:  0    Dex: 15    Spells: 3/3 levels left

rFire   . . .      SeeInvis .     - Unarmed
rCold   . . .      Faith    .   (no shield)
rNeg    . . .      Spirit   .   a - +0 leather armour
rPois   .          Reflect  .   b - +0 helmet
rElec   .          Harm     .   (no cloak)
rCorr   .          Rampage  .   (no gloves)
Will    .....                   (no boots)
Stlth   +.........              (no amulet)
HPRegen 0.12/turn               (no ring)
MPRegen 0.10/turn               (no ring)

@: hasted, very quick
A: high MP 1, forlorn, divine attributes
a: no special abilities


You were on level 4 of the Dungeon.
You visited 1 branch of the dungeon, and saw 4 of its levels.

You collected 173 gold pieces.

Inventory:

Hand Weapons
 e - a +0 dagger
 g - a +0 club
Missiles
 c - 3 throwing nets
 j - 4 atropa-tipped darts
 m - 7 poisoned darts (quivered)
Armour
 a - a +0 leather armour (worn)
 b - a +0 helmet (worn)
Jewellery
 d - a ring of fire
Wands
 n - a wand of charming (9)
Scrolls
 h - 2 scrolls of summoning {unknown}
 i - a scroll of identify {unknown}
 o - 3 scrolls of silence {unknown}
Potions
 k - a potion of brilliance {unknown}
 l - a potion of lignification {unknown}


   Skills:
 + Level 2.6 Fighting
 - Level 1.7 Throwing
 - Level 3.0 Dodging
 * Level 4.4 Unarmed Combat
 + Level 0.5 Evocations


You had 3 spell levels left.
You didn't know any spells.
Your spell library contained the following spells:

 Spells                   Type           Power      Damage    Failure   Level
 Slow                     Hex            0%         N/A       41%         1
 Static Discharge         Conj/Air       0%         N/A       56%         2
 Call Canine Familiar     Summ           0%         N/A       80%         3
 Confusing Touch          Hex            0%         N/A       80%         3
 Inner Flame              Hex/Fire       0%         N/A       80%         3
 Portal Projectile        Hex/Tloc       0%         N/A       80%         3
 Vampiric Draining        Necr           0%         2d6       80%         3
 Cause Fear               Hex            0%         N/A       99%         4
 Leda's Liquefaction      Hex/Erth       0%         N/A       99%         4
 Lightning Bolt           Conj/Air       0%         1d11      100%        5
 Discord                  Hex            0%         N/A       100%        8
 Maxwell's Capacitive Co  Air            0%         ∞         100%        8


Dungeon Overview and Level Annotations

Branches:
Dungeon (4/15)
 Temple: D:4-7

Shops:
D:3 [

Annotations:
D:4 Menkaure


Innate Abilities, Weirdness & Mutations

You have an increased reservoir of magic. (+10% MP)
You shall have no god before yourself.
Your divine heritage dramatically boosts your attributes as you level up.


Message History

You climb downwards.
Found a viscous white potion.
There is a stone staircase leading up here.
Menkaure is nearby!
Menkaure is nearby!
Menkaure is nearby!
Menkaure is nearby!
Aiming: Charm
Press: ? - help, Shift-Dir - straight line, f - Menkaure
Aim: Menkaure (chance to affect: 50%)
Okay, then.
It was a potion of haste.
You feel yourself speed up.
You see here a potion of haste.
You hit Menkaure but do no damage.
Menkaure mumbles some strange words.
Menkaure seems to speed up.
You barely miss Menkaure. Menkaure hits you!
* * * LOW HITPOINT WARNING * * *
You closely miss Menkaure. You punch Menkaure!
Menkaure is moderately damaged.
Menkaure barely misses you.
You closely miss Menkaure.
Menkaure is moderately damaged.
Menkaure completely misses you.
You hit Menkaure but do no damage.
Menkaure is moderately damaged.
You hit Menkaure but do no damage.
Menkaure is moderately damaged.
Menkaure calls on the powers of darkness!
Your body is wracked with pain!
* * * LOW HITPOINT WARNING * * *
You hit Menkaure.
Menkaure is heavily damaged.
Menkaure closely misses you.
You hit Menkaure but do no damage.
Menkaure is heavily damaged.
Menkaure hits you!!
Ouch! That really hurt!
You die...

#.# ..# ..
..##
#.####....
#...#..#
###.....#
###...<...#
...........#
#.........##
###......@M#
##.##.....#
#. ###...# .
##.... #.
#.### ##


You could see Menkaure (fast).

Vanquished Creatures
  2 adders (D:2)
  3 gnolls
  3 dart slugs
  2 orcs
  6 endoplasms
  2 giant cockroaches
  8 hobgoblins
  4 jackals (D:2)
  3 quokkas (D:1)
  5 ball pythons
  4 bats
  3 frilled lizards
  9 goblins
  7 kobolds
  5 rats
66 creatures vanquished.

Notes
Turn   | Place    | Note
-------+----------+-------------------------------------------
     0 | D:1      | pkoi the Demigod Gladiator began the quest for the Orb.
     0 | D:1      | Reached XP level 1. HP: 17/17 MP: 3/3
   428 | D:1      | Reached skill level 3 in Unarmed Combat
   548 | D:1      | Reached XP level 2. HP: 24/24 MP: 4/4
  1783 | D:2      | Reached XP level 3. HP: 29/29 MP: 5/5
  2468 | D:2      | Reached skill level 4 in Unarmed Combat
  3191 | D:2      | Reached XP level 4. HP: 22/37 MP: 6/6
  3473 | D:3      | Found Vane's Armour Shoppe.
  4140 | D:4      | Noticed Menkaure
  4153 | D:4      | Mangled by Menkaure

Illustrated notes

Levels and vault maps discovered:
D:1:      co_arrival_two_rings, layout_basic, ebering_ecumenical_altar_rust,
          amethyst_killhole, st_stairs_13
D:2:      layout_loops_corners, minmay_misc_feat_columns, eino_curves_03,
          minmay_misc_feat_tiny, grunt_decor_cap
D:3:      layout_rooms, serial_shops, shop
D:4:      layout_layer_cave, amcnicky_altar_gilded, makhleb_altar_promises_db,
          uniq_menkaure

Skill      XL: |  1  2  3 |
---------------+----------+-----
Unarmed Combat | 3 4 |  4.4
Dodging        | 3 |  3.0
Fighting       | 2 |  2.6
Throwing       | |  1.7
Evocations     | |  0.5

Action                   |  1- 3 |  4- 6 || total
-------------------------+-------+-------++-------
Melee: Unarmed           |   181 |    39 ||   220
       Punch             |     3 |     2 ||     5
  Use: Scroll            |     2 |       ||     2
       Potion            |       |     1 ||     1
 Stab: Sleeping          |     1 |       ||     1
Armor: Leather armour    |    62 |     7 ||    69
Dodge: Dodged            |    99 |    15 ||   114
